 Dungeon Crawl Stone Soup version 0.30-a0-778-g2ef04afb54 (webtiles) character file.

Game seed: 7702304853110654344

84 Patoropollo the Ducker (level 4, 22/22 HPs)
             Began as a Felid Monk on Feb 15, 2023.
             Quit the game on level 3 of the Dungeon.
             The game lasted 00:06:01 (2553 turns).

Patoropollo the Ducker (Felid Monk)                 Turns: 2553, Time: 00:06:02

Health: 22/22      AC:  1    Str:  7    XL:     4   Next: 24%
Magic:  5/5        EV: 20    Int: 11    God:
Gold:   126        SH:  0    Dex: 21    Spells: 3/3 levels left
                                        Lives:  0   Deaths: 1

rFire   . . .      SeeInvis +      - Unarmed
rCold   . . .      Faith    .    (shield unavailable)
rNeg    . . .      Spirit   .    (body armour unavailable)
rPois   .          Reflect  .    (helmet unavailable)
rElec   .          Harm     .    (cloak unavailable)
rCorr   .          Rampage  .    (gloves unavailable)
Will    .....                    (boots unavailable)
Stlth   +++                      (no amulet)
HPRegen 0.23/turn                (no ring)
MPRegen 0.09/turn                (no ring)

@: quick
A: very small, claws 1, fangs 3, see invisible, speed 1, shaggy fur 1, stealthy
paws, no weapons or thrown items, no armour, multi-lived
a: no special abilities


You were on level 3 of the Dungeon.
You visited 1 branch of the dungeon, and saw 3 of its levels.

You collected 126 gold pieces.

Inventory:

Scrolls
 c - a scroll of blinking {unknown}
 d - 4 scrolls of identify {unknown}
 i - a scroll of teleportation {unknown}
 j - a scroll of torment {unknown}
Potions
 a - 2 potions of ambrosia
 b - a potion of curing {unknown}
 e - a potion of mutation {unknown}
 f - a potion of haste {unknown}
 g - a potion of invisibility {unknown}
 h - a potion of flight {unknown}


   Skills:
 + Level 3.9 Fighting
 + Level 5.2 Dodging
 + Level 4.5 Stealth
 + Level 3.9 Unarmed Combat


You had 3 spell levels left.
You didn't know any spells.
Your spell library was empty.

Dungeon Overview and Level Annotations

Branches:
Dungeon (3/15)

Altars:


Innate Abilities, Weirdness & Mutations

You have sharp claws.
You have razor-sharp teeth.
You have supernaturally acute eyesight. (SInv)
You cover ground quickly. (Speed+)
You are covered in fur. (AC +1)
Your paws help you pounce on unaware monsters.
You are incapable of wielding weapons or throwing items.
You cannot wear armour.
You gain extra lives every three experience levels.


Message History

You are too injured to fight recklessly!
You scratch the orc wizard.
The orc wizard is lightly wounded.
The orc wizard hits you with a +0 dagger.
You closely miss the orc wizard.
The orc wizard hits you with a +0 dagger.
You scratch the orc wizard.
The orc wizard is moderately wounded.
You scratch the orc wizard. You bite the orc wizard.
The orc wizard is moderately wounded.
The orc wizard completely misses you.
You scratch the orc wizard but do no damage.
The orc wizard is moderately wounded.
The orc wizard misses you.
You scratch the orc wizard.
The orc wizard is heavily wounded.
The orc wizard misses you.
You scratch the orc wizard.
The orc wizard is severely wounded.
The orc wizard closely misses you.
You closely miss the orc wizard.
The orc wizard is severely wounded.
The orc wizard hits you with a +0 dagger.
* * * LOW HITPOINT WARNING * * *
You scratch the orc wizard but do no damage.
The orc wizard is severely wounded.
The orc wizard completely misses you.
You scratch the orc wizard. You bite the orc wizard.
The orc wizard is almost dead.
The orc wizard points at you and mumbles some strange words.
The magic dart hits you!
You die...
You are now level 4!
You rejoin the land of the living...
Found 16 gold pieces and a pair of boots.
Found an escape hatch in the ceiling.
Unknown command.
Unknown command.
Unknown command.
Are you sure you want to abandon this character and quit the game? (Confirm with "yes".)

##### #....
#.#######
#.#.[...#
#.#....$##
#.....$#.###
#...@.......
#........###
.<.......##.#..
.######### #.#
#


There were no monsters in sight!

Vanquished Creatures
  Natasha (thrice) (D:2)
  3 adders (D:2)
  A worm (D:2)
  4 dart slugs
  3 orcs
  4 ball pythons (D:1)
  6 bats
  2 endoplasms
  A giant cockroach (D:1)
  6 goblins
  8 hobgoblins
  3 kobolds (D:1)
  2 quokkas (D:1)
  4 frilled lizards
  4 rats
54 creatures vanquished.

Notes
Turn   | Place    | Note
-------+----------+-------------------------------------------
     0 | D:1      | Patoropollo the Felid Monk began the quest for the Orb.
     0 | D:1      | Reached XP level 1. HP: 10/10 MP: 2/2
   141 | D:1      | Reached XP level 2. HP: 14/14 MP: 3/3
   524 | D:1      | Reached XP level 3. HP: 17/17 MP: 4/4
  1038 | D:2      | Reached XP level 4. HP: 11/21 MP: 5/5
  1092 | D:2      | Noticed Natasha
  1093 | D:2      | Found a faded altar of an unknown god.
  1098 | D:2      | Killed Natasha
  1618 | D:2      | Noticed Natasha
  1627 | D:2      | Killed Natasha
  1628 | D:2      | Reached skill level 5 in Dodging
  2226 | D:2      | Noticed Natasha
  2240 | D:2      | Killed Natasha
  2241 | D:2      | Reached XP level 5. HP: 4/25 MP: 6/6
  2552 | D:3      | Killed from afar by an orc wizard
  2553 | D:3      | Reached XP level 4. HP: -2/22 MP: 5/5
  2553 | D:3      | Quit the game

Illustrated notes

Levels and vault maps discovered:
D:1:      co_arrival_square_in_a_square_in_a_square, layout_loops_cross,
          minmay_hexomino_c4
D:2:      layout_loops_ring, ebering_ecumenical_altar_ruins, chequers_avenue,
          minmay_goblin_kobold_house, uniq_natasha
D:3:      layout_rooms, serial_co_window_serial, co_window_corner_a,
          co_window_of_opportunity_a, co_window_corner_a, co_window_corner_a,
          co_window_paths_b, co_window_cross_4, co_window_corner_b,
          co_window_of_opportunity_c, co_window_unsneaky_path_a,
          co_window_cross_4, co_window_2corner, co_window_broadway_a,
          glass_columns_a, uniq_terence

Skill      XL: |  1  2  3  4 |
---------------+-------------+-----
Stealth        | 3 4 |  4.5
Dodging        | 5 |  5.2
Fighting       | |  3.9
Unarmed Combat | |  3.9

Action                     |  1- 3 |  4- 6 || total
---------------------------+-------+-------++-------
  Melee: Unarmed           |    90 |    76 ||   166
         Bite              |     7 |    10 ||    17
   Stab: Sleeping          |    11 |     2 ||    13
         Distracted        |     1 |       ||     1
 Armour: Skin              |     5 |     3 ||     8
  Dodge: Dodged            |    54 |    60 ||   114

Table legend: (Time is in decaauts)
 A = Elapsed time spent in this place.
 B = Non-inter-level travel time spent in this place.
 C = Inter-level travel time spent in this place.
 D = Time resting spent in this place.
 E = Time spent auto-exploring this place.
 F = Levels seen in this place.
 G = Mean time per level.
                   A        B        C        D        E       F      G
               +--------+--------+--------+--------+--------+-----+--------+
         Total |   2133 |   1606 |    527 |      0 |   1244 |   3 |  711.0 |
       Dungeon |   2133 |   1606 |    527 |      0 |   1244 |   3 |  711.0 |
               +--------+--------+--------+--------+--------+-----+--------+

Top non-repeatable levels by time:
     D:2: 1333 daAuts
     D:1: 627 daAuts
     D:3: 173 daAuts
